 Dungeon Crawl Stone Soup version 0.24.1-11-gbbbb2193e6 (webtiles) character file.

Game seed: 10666710417528074211, levelgen mode: deterministic

91 Mrkan the Poker (level 4, -4/35 HPs)
             Began as a Merfolk Gladiator on May 15, 2020.
             Was an Initiate of Ashenzari.
             Slain by an orc
             ... wielding a +0 flail
              (7 damage)
             ... on level 3 of the Dungeon.
             The game lasted 00:04:01 (1978 turns).

Mrkan the Poker (Merfolk Gladiator)                 Turns: 1978, Time: 00:04:01

Health: -4/35      AC:  4    Str: 14    XL:     4   Next: 59%
Magic:  4/4        EV: 14    Int:  7    God:    Ashenzari [......]
Gold:   126        SH:  0    Dex: 16    Spells: 3/3 levels left

rFire    . . .     SeeInvis .   a - +0 trident
rCold    . . .     Gourm    .   (no shield)
rNeg     . . .     Faith    .   b - +0 leather armour
rPois    .         Spirit   .   c - +0 helmet
rElec    .         Reflect  .   h - scarf {repulsion}
rCorr    .         Harm     .   (no gloves)
MR       .....                  (no boots)
Stlth    +.........             (no amulet)
HPRegen  0.11/turn              (no ring)
MPRegen  0.09/turn              (no ring)

@: repel missiles
A: change form in water, swift swim, stealthy swim
a: Curse Item, Renounce Religion


You were on level 3 of the Dungeon.
You worshipped Ashenzari.
Ashenzari was noncommittal.
You were hungry.

You visited 1 branch of the dungeon, and saw 3 of its levels.

You collected 126 gold pieces.

Inventory:

Hand Weapons
 a - a +0 trident (weapon)
Missiles
 d - 4 throwing nets (quivered)
Armour
 b - a +0 leather armour (worn)
 c - a +0 helmet (worn)
 h - a scarf of repulsion (worn)
Scrolls
 e - 2 scrolls of teleportation {unknown}
 i - 2 scrolls of blinking {unknown}
 j - 2 scrolls of amnesia {unknown}
 m - a scroll of fog {unknown}
Potions
 g - a potion of mutation {unknown}
 l - a potion of flight {unknown}
Comestibles
 f - 6 rations


   Skills:
 + Level 3.1 Fighting
 * Level 6.2 Polearms
 - Level 2.0 Throwing
 + Level 4.8 Dodging


You had 3 spell levels left.
You didn't know any spells.
Your spell library was empty.

Dungeon Overview and Level Annotations

Branches:
Dungeon (3/15)

Altars:
Ashenzari
Zin


Message History

Found an uncursed falchion.
The orc shouts!
You hit the orc priest.
The orc priest is heavily wounded.
The orc priest misses you.
You barely miss the orc priest.
The orc priest is heavily wounded.
The orc priest hits you with a +0 club.
You barely miss the orc priest.
The orc priest is heavily wounded.
The orc barely misses you. The orc priest barely misses you.
The orc priest looks satisfied for a moment.
An adder comes into view.
The orc priest mumbles some strange prayers to Beogh against you.
Beogh smites you!
* * * LOW HITPOINT WARNING * * *
The orc priest calls upon Beogh to heal the orc priest.
The orc priest's wounds heal themselves!
The orc hits you with a +0 flail!
You die...

#o# #o#
#.###### ###
#.o..#.. #..
###o##.# #.#
#.##.# #.#
#.##.######.#
#o##.##o...[#
#.o.o...@..<#
####.##.#####
#....# ######


You could see 2 orc priests and 2 orcs.

Vanquished Creatures
  2 adders (D:2)
  An ooze (D:2)
  A worm (D:2)
  2 dart slugs
  2 leopard geckos (D:2)
  A giant cockroach (D:1)
  9 goblins
  8 hobgoblins
  5 jackals (D:1)
  10 kobolds
  A ball python (D:2)
  10 bats
  3 frilled lizards
  5 rats
60 creatures vanquished.

Notes
Turn   | Place    | Note
-------+----------+-------------------------------------------
     0 | D:1      | Mrkan the Merfolk Gladiator began the quest for the Orb.
     0 | D:1      | Reached XP level 1. HP: 16/16 MP: 1/1
   459 | D:1      | Reached XP level 2. HP: 19/23 MP: 2/2
   477 | D:1      | Reached skill level 5 in Polearms
   727 | D:1      | Reached XP level 3. HP: 27/28 MP: 3/3
  1029 | D:1      | You fall into a shaft and drop 1 floor!
  1323 | D:2      | Found a shattered altar of Ashenzari.
  1355 | D:2      | Reached XP level 4. HP: 28/35 MP: 4/4
  1395 | D:2      | Became a worshipper of Ashenzari the Shackled
  1481 | D:2      | Reached skill level 6 in Polearms
  1847 | D:2      | Found a glowing silver altar of Zin.
  1978 | D:3      | Slain by an orc

Levels and vault maps discovered:
D:1:      dpeg_arrival_orchard, layout_basic
D:2:      layout_rooms, nicolae_ashenzari_panopticon, marbit_many_paths,
          minmay_indecisive_spiral
D:3:      wad_crossroads, layout_basic,
          chequers_temple_overflow_statue_of_worship, gup_sewer_entry_spiral

Skill      XL: |  1  2  3  4 |
---------------+-------------+-----
Polearms       | 5 6 |  6.2
Fighting       | 3 |  3.1
Throwing       | |  2.0
Dodging        | |  4.8

Action                   |  1- 3 |  4- 6 || total
-------------------------+-------+-------++-------
Melee: Trident           |   125 |    67 ||   192
  Eat: Chunk             |     1 |     2 ||     3
Armor: Leather armour    |    33 |    13 ||    46
Dodge: Dodged            |   128 |    56 ||   184
       Deflected         |     1 |     1 ||     2
